 Dungeon Crawl Stone Soup version 0.27-a0-1438-g9b7c6745da (webtiles) character file.

Game seed: 16107450957640750667

736 27snakeeyes612 the Chopper (level 7, -6/63 HPs)
             Began as a Minotaur Berserker on July 4, 2021.
             Was a Priest of Trog.
             Killed by divine providence
             ... invoked by an orc priest
              (12 damage)
             ... on level 5 of the Dungeon.
             The game lasted 00:03:34 (4117 turns).

27snakeeyes612 the Chopper (Minotaur Berserker)     Turns: 4117, Time: 00:03:34

Health: -6/63      AC:  9    Str: 23    XL:     7   Next: 46%
Magic:  6/6        EV:  9    Int:  4    God:    Trog [***...]
Gold:   218        SH:  0    Dex: 10    Spells: 6/6 levels left

rFire    . . .     SeeInvis .   e - +2 hand axe (freeze)
rCold    . . .     Faith    .   (no shield)
rNeg     . . .     Spirit   .   o - +0 chain mail
rPois    .         Reflect  .   (helmet restricted)
rElec    .         Harm     .   (no cloak)
rCorr    .         Rampage  .   (no gloves)
Will     ++...                  (no boots)
Stlth    ..........             (no amulet)
HPRegen  1.20/turn              (no ring)
MPRegen  0.10/turn              (no ring)

@: mighty, strong-willed, regenerating
A: horns 2, retaliatory headbutt
a: Renounce Religion, Berserk, Trog's Hand


You were on level 5 of the Dungeon.
You worshipped Trog.
Trog was most pleased with you.
You visited 1 branch of the dungeon, and saw 5 of its levels.

You collected 218 gold pieces.

Inventory:

Hand Weapons
 a - a +0 hand axe
 e - a +2 hand axe of freezing (weapon)
 j - a +2 vorpal mace
 n - a +4 flail of draining
Armour
 b - a +0 animal skin
 k - a +0 scale mail
 o - a +0 chain mail (worn)
Scrolls
 h - a scroll of identify
 r - 2 scrolls of teleportation
Potions
 c - a potion of might
 d - a potion of attraction {unknown}
 g - a potion of haste {unknown}
 i - a potion of ambrosia {unknown}
 l - 2 potions of heal wounds {unknown}
 p - 2 potions of berserk rage {unknown}
 q - 2 potions of curing {unknown}


   Skills:
 + Level 6.0 Fighting
 + Level 7.5 Axes
 + Level 4.2 Armour
 + Level 4.4 Dodging


You had 6 spell levels left.
You didn't know any spells.
Your spell library was empty.

Dungeon Overview and Level Annotations

Branches:
Dungeon (5/15)
 Temple: D:4-7

Altars:
Dithmenos
Fedhas
Makhleb
Zin

Shops:
D:2 [


Innate Abilities, Weirdness & Mutations

You have a pair of horns on your head.
You reflexively headbutt those who attack you in melee.


Message History

You feel strong-willed.
The orc warrior hits you with a +0 mace!
* * * LOW HITPOINT WARNING * * *
It was a potion of might.
You feel very mighty all of a sudden.
The orc priest miscasts a cantrip.
The orc warrior barely misses you.
An orc comes into view. It is wielding a +0 hand axe.
As you read the scroll labelled DUSECKIDIC, it crumbles to dust.
It is a scroll of identify.
f - a scroll of fear The orc shouts!
The orc warrior hits you with a +0 mace.
* * * LOW HITPOINT WARNING * * *
The orc priest casts a cantrip, but nothing happens.
Okay, then.
As you read the scroll of fear, it crumbles to dust.
You assume a fearsome visage.
The orc warrior looks frightened!
The orc priest looks frightened!
The orc looks frightened!
The orc priest looks frightened!
The orc warrior looks frightened!
The orc looks frightened!
An orc wizard comes into view. It is wielding a +0 dagger.
An orc comes into view. It is wielding a +0 falchion.
The orc wizard gestures wildly while chanting.
The orc wizard flickers and vanishes!
Deactivating autopickup; reactivate with Ctrl-A.
As you read the scroll labelled TERARR QUSEDAT, it crumbles to dust.
It is a scroll of enchant weapon.
Your +1 hand axe of freezing glows red for a moment.
As you read the scroll labelled YLUCREEHIE, it crumbles to dust.
You feel strangely unstable.
It was a scroll of teleportation.
Your surroundings suddenly seem different.
The orc shouts!
The orc priest calls down the wrath of Beogh upon you.
Beogh smites you!
* * * LOW HITPOINT WARNING * * *
Cornered, the orc priest turns to fight!
The orc priest mumbles some strange prayers to Beogh against you.
Beogh smites you!
You die...

♣♣...... ##...#..#
♣...._.. ........#
♣♣....... #......#
♣........ ##......#
♣.♣...... .
#.......## ♣♣♣♣♣...♣
.#. #oo......#
♣♣...♣
.#...#........#
♣♣♣♣.....
.#.P≈#..@.....#
#........
.#≈.b#........#
#........ .#≈
#........# #........
.
#.o....#####........
#.......o.....o.....
#......###########..
...##### #.. ###.#
#.. #..


You could see an orc priest, 3 orcs and a bat.

Vanquished Creatures
  Edmund (D:4)
  A water moccasin (D:5)
  An ogre (D:3)
  A water moccasin skeleton (D:4)
  A hound (D:3)
  2 orc priests (D:4)
  Terence (D:3)
  Natasha (thrice) (D:4)
  6 adders
  2 ufetubi
  A worm (D:2)
  2 dart slugs (D:4)
  13 orcs
  7 bats
  10 endoplasms
  A giant cockroach (D:2)
  3 goblins
  9 hobgoblins
  11 jackals
  2 quokkas
  7 ball pythons
  7 frilled lizards
  10 kobolds
  5 rats
107 creatures vanquished.

Vanquished Creatures (others)
  10 fungi (D:5)
10 creatures vanquished.

Grand Total: 117 creatures vanquished

Notes
Turn   | Place    | Note
-------+----------+-------------------------------------------
     0 | D:1      | 27snakeeyes612 the Minotaur Berserker began the quest for
                  | the Orb.
     0 | D:1      | Reached XP level 1. HP: 19/19 MP: 0/0
    76 | D:1      | Reached XP level 2. HP: 27/27 MP: 1/1
   165 | D:1      | Reached skill level 4 in Axes
   349 | D:1      | Reached ** piety under Trog
   354 | D:1      | Reached XP level 3. HP: 4/34 MP: 2/2
   359 | D:1      | HP: 1/34 [rat (2)]
  1286 | D:2      | Found Kuuraych's Armour Boutique.
  1294 | D:2      | Reached XP level 4. HP: 39/41 MP: 3/3
  1371 | D:2      | Found a faded altar of an unknown god.
  1806 | D:3      | Found a glowing silver altar of Zin.
  1831 | D:3      | Noticed Terence
  1838 | D:3      | Killed Terence
  1839 | D:3      | Reached skill level 5 in Axes
  2057 | D:3      | Reached XP level 5. HP: 23/47 MP: 4/4
  2061 | D:3      | Reached skill level 5 in Fighting
  2334 | D:3      | Reached *** piety under Trog
  2601 | D:3      | Noticed an ogre
  2607 | D:3      | Killed an ogre
  2650 | D:3      | Reached skill level 6 in Axes
  2650 | D:3      | Reached XP level 6. HP: 51/56 MP: 5/5
  2940 | D:4      | Found a burning altar of Makhleb.
  3027 | D:4      | Noticed Edmund
  3036 | D:4      | Killed Edmund
  3136 | D:4      | Noticed Natasha
  3141 | D:4      | Killed Natasha
  3149 | D:4      | Reached XP level 7. HP: 49/62 MP: 6/6
  3153 | D:4      | Reached skill level 7 in Axes
  3264 | D:4      | Noticed Natasha
  3270 | D:4      | Killed Natasha
  3397 | D:4      | Found a shadowy altar of Dithmenos.
  3439 | D:4      | Noticed Natasha
  3453 | D:4      | Killed Natasha
  3711 | D:5      | Entered Level 5 of the Dungeon
  4069 | D:5      | Found a blossoming altar of Fedhas.
  4117 | D:5      | Killed from afar by an orc priest

Illustrated notes

Levels and vault maps discovered:
D:1:      dpeg_arrival_stonehenge_8_columns, layout_rooms
D:2:      layout_basic, serial_shops, shop,
          shapermc_ecumenical_altar_notcrosses, chequers_serial_rivers_micro_d,
          grunt_decor_arrowhead, minmay_misc_feat_rows, hangedman_decor_growths
D:3:      layout_loops_ring, lemuel_tele_altar, hangedman_abyss_or_decor_stabs,
          uniq_terence
D:4:      layout_cave_pools, kennysheep_little_box,
          nicolae_overflow_hidden_temple, uniq_natasha, uniq_edmund
D:5:      layout_basic, fedhas_altar_fruit_tree, serial_aquarium,
          aquarium_bridge_straight [aquarium_subvault_bridge,
          aquarium_subvault_window, aquarium_subvault_bridge,
          aquarium_subvault_wall], aquarium_bridge_straight
          [aquarium_subvault_bridge, aquarium_subvault_balcony,
          aquarium_subvault_bridge, aquarium_subvault_window],
          aquarium_window_fake, aquarium_window_2, aquarium_window_fake,
          aquarium_view_2f, aquarium_balcony_5b, minmay_misc_feat_four_crosses

Skill      XL: |  1  2  3  4  5  6  7 |
---------------+----------------------+-----
Fighting       | 4 5 6 |  6.0
Axes           | 4 5 6 7 |  7.5
Dodging        | 3 4 |  4.4
Armour         | 3 4 |  4.2

Action                   |  1- 3 |  4- 6 |  7- 9 || total
-------------------------+-------+-------+-------++-------
Melee: Hand axe          |    80 |   101 |    44 ||   225
       Headbutt          |     9 |    17 |     7 ||    33
Invok: Berserk           |     2 |     5 |       ||     7
       Trog's Hand       |       |       |     1 ||     1
  Use: Scroll            |       |       |     4 ||     4
       Potion            |       |       |     1 ||     1
 Stab: Sleeping          |       |     1 |       ||     1
Armor: Animal skin       |    17 |     3 |       ||    20
       Scale mail        |       |    23 |       ||    23
       Chain mail        |       |     7 |    16 ||    23
Dodge: Dodged            |    84 |    58 |    17 ||   159

Table legend: (Time is in decaauts)
 A = Elapsed time spent in this place.
 B = Non-inter-level travel time spent in this place.
 C = Inter-level travel time spent in this place.
 D = Time resting spent in this place.
 E = Time spent auto-exploring this place.
 F = Levels seen in this place.
 G = Mean time per level.
                   A        B        C        D        E       F      G
               +--------+--------+--------+--------+--------+-----+--------+
         Total |   4202 |   4083 |    119 |    579 |   2935 |   5 |  840.4 |
       Dungeon |   4202 |   4083 |    119 |    579 |   2935 |   5 |  840.4 |
               +--------+--------+--------+--------+--------+-----+--------+

Top non-repeatable levels by time:
     D:3: 1155 daAuts
     D:1: 1005 daAuts
     D:4: 908 daAuts
     D:2: 728 daAuts
     D:5: 404 daAuts
